 Dungeon Crawl Stone Soup version 0.23.1-37-gaa34b87 (webtiles) character file.

Game seed: 5032064334369389778

3285 Iflex the Spear-Bearer (level 10, 0/74 HPs)
             Began as a Merfolk Warper on Mar 20, 2019.
             Was a Believer of Okawaru.
             Slain by a hippogriff (7 damage)
             ... on level 8 of the Dungeon.
             The game lasted 00:40:33 (11230 turns).

Iflex the Spear-Bearer (Merfolk Warper)            Turns: 11230, Time: 00:40:34

Health: 0/74       AC:  6    Str: 15    XL:     10   Next: 0%
Magic:  11/16      EV: 15    Int: 12    God:    Okawaru [**....]
Gold:   478        SH:  0    Dex: 14    Spells: 3/17 levels left

rFire    . . .     SeeInvis +   v - +0 trident
rCold    . . .     Gourm    .   (no shield)
rNeg     . . .     Faith    .   b - +0 leather armour
rPois    .         Spirit   .   (no helmet)
rElec    .         Reflect  .   (no cloak)
rCorr    .         Harm     .   k - +0 pair of gloves
MR       .....                  i - +0 pair of boots
Stlth    ++........             (no amulet)
HPRegen  0.22/turn              G - +1 ring of protection
MPRegen  0.15/turn              t - ring of see invisible

@: very slightly contaminated
A: change form in water, swift swim, stealthy swim
a: Heroism, Renounce Religion


You were on level 8 of the Dungeon.
You worshipped Okawaru.
Okawaru was pleased with you.
You were not hungry.

You visited 2 branches of the dungeon, and saw 9 of its levels.
You also visited: Sewer.

You collected 478 gold pieces.

Inventory:

Hand Weapons
 a - a +0 spear
 v - a +0 trident (weapon)
 E - a +4 quarterstaff of chaos
Missiles
 o - 299 stones
 q - a throwing net
 J - 4 javelins (quivered)
Armour
 b - a +0 leather armour (worn)
 i - a +0 pair of boots (worn)
 k - a +0 pair of gloves (worn)
 m - a +0 leather armour
Magical Staves
 C - an uncursed staff of power
Jewellery
 e - an uncursed ring of fire
 j - an uncursed ring of ice
 t - a ring of see invisible (right hand)
 B - an uncursed amulet of harm
 D - an uncursed ring of attention
 G - a +1 ring of protection (left hand)
 M - a +6 ring of protection
Wands
 s - a wand of paralysis (5)
 F - a wand of flame (18)
Scrolls
 d - a scroll of blinking
 g - 3 scrolls of remove curse
 n - 3 scrolls of enchant weapon
 r - 4 scrolls of amnesia
 y - a scroll of enchant armour {unknown}
 z - a scroll of immolation {unknown}
 A - 2 scrolls of random uselessness {unknown}
 H - a scroll of fog {unknown}
 I - a scroll of noise {unknown}
 K - 2 scrolls of identify
 N - a scroll of magic mapping {unknown}
 O - a scroll of torment {unknown}
Potions
 c - 6 potions of curing
 h - 2 potions of cancellation
 l - 6 potions of might
 p - 3 potions of agility
 u - 4 potions of flight {unknown}
 w - 4 potions of brilliance
 x - 2 potions of heal wounds
 L - 2 potions of degeneration {unknown}
Comestibles
 f - 7 rations


   Skills:
 + Level 5.0 Fighting
 + Level 12.5 Polearms
 - Level 0.3(4.7) Staves
 * Level 2.9 Throwing
 * Level 3.7 Armour
 + Level 6.1 Dodging
 - Level 2.3 Stealth
 * Level 4.4 Spellcasting
 + Level 1.3 Charms
 * Level 3.9 Translocations


You had 3 spell levels left.
You knew the following spells:

 Your Spells              Type           Power        Failure   Level  Hunger
a - Blink                 Tloc           N/A          8%          2    ##.....
b - Shroud of Golubria    Chrm/Tloc      #.........   13%         2    ##.....
c - Gell's Gravitas       Tloc           ##........   16%         3    ###....
d - Lesser Beckoning      Tloc           ##........   16%         3    ###....
e - Passage of Golubria   Tloc           N/A          45%         4    ####...

Your spell library contained the following spells:

 Spells                   Type           Power        Failure   Level  Hunger
 Teleport Other           Tloc           ##......     16%         3    ###....


Dungeon Overview and Level Annotations

Branches:
Dungeon (8/15)             Temple (1/1) D:6
   Lair: D:8-11

Altars:
Ashenzari
Cheibriados
Dithmenos
Elyvilon
Fedhas
Gozag
Hepliaklqana
Kikubaaqudgha
Makhleb
Nemelex Xobeh
Okawaru
Qazlal
Ru
Sif Muna
Trog
Uskayaw
Vehumet
Wu Jian
Xom
Yredelemnul
Zin
The Shining One

Shops:
D:7 }

Annotations:
D:6 2 transporters, EtherCrawl's ghost, novice OpTm


Message History

The hippogriff bites you but does no damage.
The hippogriff misses you. The hippogriff claws you.
* * * LOW HITPOINT WARNING * * *
Casting: Shroud of Golubria (safe; 13% risk of failure)
Confirm with . or Enter, or press ? or * to list all spells.
You blink.
Throwing (i - inventory. (/) - cycle)
J - 5 javelins (quivered)
Press: ? - help, Shift-Dir - straight line, f - hippogriff
Aim: a hippogriff (translocational energy, almost dead)
You throw a javelin.
The javelin barely misses the hippogriff.
Attack whom?
Press: ? - help, Dir - move target cursor, f/p - hippogriff
Aim: a hippogriff (almost dead)
You reach to attack!
You hit the hippogriff.
The hippogriff is almost dead.
You barely miss the hippogriff.
The hippogriff is almost dead.
The hippogriff bites you!
You die...

......
.........#..######
......
.....#..##....#
....#
.....#..###.###
......
##.......####
...... .........#
..##.. .........#
..# . # ..##....##
... ###.
###......## ....
##....#.#H@..>..#
.....
......†.........#
.........#.##..##
...(.....#######
.###.....# #......
###....# ######


You could see a hippogriff.

Vanquished Creatures
  2 hippogriffs (D:7)
  A water moccasin (D:7)
  A black bear (D:7)
  An orc warrior (D:8)
  2 sky beasts (D:7)
  5 ogres
  2 centaurs
  2 big kobolds (Sewer)
  6 bullfrogs
  2 scorpions
  2 jellies (D:7)
  4 wights (D:8)
  3 howler monkeys
  A bullfrog zombie (D:7)
  3 crimson imps
  A quasit (D:7)
  Crazy Yiuf (D:4)
  2 hounds
  4 orc priests
  An iguana (D:8)
  Ijyb (D:5)
  An orc wizard (D:5)
  3 worker ants
  A hound zombie (D:6)
  A hound skeleton (D:7)
  A worker ant zombie (D:6)
  3 gnolls
  9 river rats
  8 adders
  3 shadow imps
  2 oozes
  An adder zombie (D:4)
  2 worms (D:2)
  9 leopard geckos
  17 orcs
  8 ball pythons
  7 bats
  4 giant cockroaches
  9 goblins
  10 hobgoblins
  5 jackals
  19 kobolds
  3 quokkas
  5 frilled lizards
  A leopard gecko zombie (D:6)
  23 rats
202 creatures vanquished.

Notes
Turn   | Place    | Note
-------+----------+-------------------------------------------
     0 | D:1      | Iflex the Merfolk Warper began the quest for the Orb.
     0 | D:1      | Reached XP level 1. HP: 16/16 MP: 3/3
   182 | D:1      | Reached XP level 2. HP: 22/23 MP: 5/5
   465 | D:1      | Reached skill level 4 in Polearms
   653 | D:1      | Learned a level 2 spell: Blink
   690 | D:1      | Found a shimmering altar of Xom.
   692 | D:1      | Found a glowing golden altar of the Shining One.
   692 | D:1      | Found a sacrificial altar of Ru.
   694 | D:1      | Found a blossoming altar of Fedhas.
   694 | D:1      | Found a blossoming altar of Fedhas.
   694 | D:1      | Found a shadowy altar of Dithmenos.
   715 | D:1      | Reached XP level 3. HP: 14/28 MP: 6/6
  1543 | D:2      | Reached skill level 5 in Polearms
  1614 | D:2      | Reached XP level 4. HP: 16/34 MP: 4/7
  2157 | D:2      | Reached skill level 1 in Stealth
  2280 | D:2      | Reached skill level 1 in Armour
  2327 | D:2      | Found a shattered altar of Ashenzari.
  2640 | D:3      | Reached XP level 5. HP: 34/39 MP: 8/8
  2661 | D:3      | Found a burning altar of Makhleb.
  2665 | D:3      | Found a snail-covered altar of Cheibriados.
  2665 | D:3      | Found a deep blue altar of Sif Muna.
  2674 | D:3      | Reached skill level 6 in Polearms
  3043 | D:3      | Found a white marble altar of Elyvilon.
  3044 | D:3      | Found a glowing silver altar of Zin.
  3045 | D:3      | Found a glowing golden altar of the Shining One.
  3465 | D:4      | Found a glowing drain.
  3883 | Sewer    | Entered a sewer
  4232 | Sewer    | Noticed a big kobold
  4277 | Sewer    | Killed a big kobold
  4277 | Sewer    | Reached skill level 7 in Polearms
  4277 | Sewer    | Reached XP level 6. HP: 38/46 MP: 9/9
  5454 | D:4      | Reached skill level 8 in Polearms
  5454 | D:4      | Reached XP level 7. HP: 51/51 MP: 10/10
  6030 | D:4      | Found a runed translucent door.
  6031 | D:4      | Noticed Crazy Yiuf
  6052 | D:4      | Killed Crazy Yiuf
  6240 | D:5      | Entered Level 5 of the Dungeon
  6270 | D:4      | Reached skill level 9 in Polearms
  6495 | D:5      | Noticed Ijyb
  6648 | D:4      | Learned a level 2 spell: Shroud of Golubria
  6652 | D:4      | Learned a level 3 spell: Gell's Gravitas
  6656 | D:4      | Learned a level 3 spell: Lesser Beckoning
  6693 | D:5      | Killed Ijyb
  7305 | D:5      | Reached XP level 8. HP: 50/58 MP: 11/11
  7662 | D:6      | Reached skill level 10 in Polearms
  7997 | D:6      | Found a transporter.
  7997 | D:6      | Noticed EtherCrawl's ghost (novice OpTm)
  8000 | D:6      | Noticed a wraith
  8144 | D:6      | Found a transporter.
  8190 | D:6      | Found a staircase to the Ecumenical Temple.
  8195 | Temple   | Entered the Ecumenical Temple
  8303 | Temple   | Became a worshipper of Warmaster Okawaru
  8460 | D:7      | Reached skill level 11 in Polearms
  8514 | D:7      | Found Leum's Gadget Emporium.
  8778 | D:7      | Reached * piety under Okawaru
  8778 | D:7      | Reached XP level 9. HP: 50/66 MP: 11/14
  8805 | D:7      | Learned a level 4 spell: Passage of Golubria
  8833 | D:7      | Reached skill level 5 in Dodging
  9187 | D:7      | Reached skill level 1 in Charms
  9706 | D:7      | Reached skill level 12 in Polearms
  9955 | D:7      | Reached ** piety under Okawaru
 10912 | D:8      | Reached skill level 5 in Fighting
 11113 | D:8      | Reached XP level 10. HP: 74/74 MP: 16/16
 11230 | D:8      | Slain by a hippogriff

Skill      XL: |  1  2  3  4  5  6  7  8  9 |
---------------+----------------------------+-----
Dodging        | 3 4 6 |  6.1
Polearms       | 4 5 7 8 9 11 12 | 12.5
Stealth        | 1 2 |  2.3
Armour         | 1 2 3 |  3.7
Fighting       | 3 4 5 |  5.0
Translocations | 3 |  3.9
Spellcasting   | 3 4 |  4.4
Charms         | 1 |  1.3
Throwing       | 2 |  2.9
Staves         | |  0.3

Action                   |  1- 3 |  4- 6 |  7- 9 | 10-12 || total
-------------------------+-------+-------+-------+-------++-------
Melee: Spear             |   169 |   138 |       |       ||   307
       Tailslap          |     3 |     6 |       |       ||     9
       Trident           |       |   226 |   420 |    33 ||   679
       Quarterstaff      |       |       |    30 |       ||    30
       Punch             |       |       |       |     1 ||     1
Throw: Tomahawk          |       |     4 |     1 |       ||     5
       Stone             |       |     6 |     7 |       ||    13
       Javelin           |       |       |    29 |     1 ||    30
 Cast: Blink             |       |     2 |     7 |     1 ||    10
       Shroud of Golubri |       |       |    14 |     1 ||    15
Invok: Heroism           |       |       |     1 |     1 ||     2
  Use: Scroll            |       |       |    10 |       ||    10
       Potion            |       |       |    10 |     1 ||    11
 Stab: Sleeping          |       |     4 |     8 |       ||    12
  Eat: Ration            |     1 |       |     3 |       ||     4
       Chunk             |       |    11 |    11 |       ||    22
Armor: Leather armour    |    26 |    78 |    97 |     9 ||   210
Dodge: Dodged            |    75 |   206 |   274 |    39 ||   594
